 Dungeon Crawl Stone Soup version 0.17-a0-1255-gd996e2d (webtiles) character file.

5279 RobertPalmer the Basher (level 10, -20/92 HPs)
             Began as an Ogre Chaos Knight on June 6, 2015.
             Demolished by a green very ugly thing (24 damage)
             ... summoned by the player character
             ... on level 1 of the Lair of Beasts.
             The game lasted 00:22:16 (10153 turns).

RobertPalmer the Basher (Ogre Chaos Knight)        Turns: 10153, Time: 00:22:16

Health: -20/92     AC: 12    Str: 21    XL:     10   Next: 63%
Magic:  10/10      EV: 14    Int: 13    God:    Xom [.*....]
Gold:   408        SH:  0    Dex: 12    Spells: 0 memorised, 9 levels left

rFire  . . .     SeeInvis +     a - +0 dire flail
rCold  . . .     Clarity  +     q - +2 robe
rNeg   . . .     SustAt   .     (no shield)
rPois  +         Gourm    .     (helmet restricted)
rElec  .         Spirit   .     k - +1 cloak {rPois}
rCorr  +         Warding  .     (gloves unavailable)
rMut   .         Stasis   .     (boots unavailable)
MR     +....                    s - amulet of resist corrosion {rCorr, !d}
Stlth  +.........               y - +6 ring of protection
                                F - ring of see invisible {sInv, !d}

@: somewhat resistant to hostile enchantments, very unstealthy
A: unfitting armour, antennae 1, hooves 1, agile 1, blurry vision 1, clarity,
deformed body, screaming 1, slow healing 1, strong 1, tough skin 1, subdued
magic 1
a: Renounce Religion


You were on level 1 of the Lair of Beasts.
You worshipped Xom.
You were a plaything of Xom.
You were not hungry.

You visited 2 branches of the dungeon, and saw 10 of its levels.
You also visited: Ossuary.

You collected 408 gold pieces.

Inventory:

Hand weapons
 a - a +0 dire flail (weapon)
   (You took it off Edmund on level 6 of the Dungeon)
 b - a +0 giant club
   (You took it off an ogre on level 4 of the Dungeon)
Armour
 k - a +1 cloak of poison resistance (worn)
   (You took it off Crazy Yiuf on level 3 of the Dungeon)
 q - a +2 robe (worn)
Jewellery
 e - an uncursed amulet of resist mutation {rMut, !d}
   (You found it on level 1 of the Dungeon)
 s - an amulet of resist corrosion (around neck) {rCorr, !d}
   (You found it on level 3 of the Dungeon)
 y - a +6 ring of protection (right hand)
   (You found it on level 2 of the Dungeon)
 F - a ring of see invisible (left hand) {sInv, !d}
   (You found it on level 4 of the Dungeon)
 K - an uncursed ring of sustain attributes
   (You found it on level 1 of the Lair of Beasts)
Magical devices
 v - a wand of cold (9)
   (You found it on level 7 of the Dungeon)
 x - a wand of draining (2)
   (You found it on level 8 of the Dungeon)
 A - a wand of disintegration (13)
   (You found it on level 9 of the Dungeon)
 C - a wand of polymorph (6)
   (You found it on level 4 of the Dungeon)
 E - a wand of disintegration (22)
   (You found it on level 4 of the Dungeon)
Scrolls
 g - 5 scrolls of enchant weapon
 n - 4 scrolls of teleportation
 o - 4 scrolls of amnesia
 p - 3 scrolls of remove curse
 B - 2 scrolls of enchant armour
 G - 4 scrolls of identify
 I - a scroll of magic mapping {!r}
 L - a scroll of vulnerability {unknown}
Potions
 d - 2 potions of flight
 f - 2 potions of haste
 h - 4 potions of curing
 i - 2 potions of brilliance
 j - a potion of invisibility
 t - a potion of lignification {!q}
 z - a potion of resistance
 H - a potion of agility
Books
 l - a book of Debilitation
   (You found it on level 9 of the Dungeon)
 w - a Fen Folio
   (You found it on level 7 of the Dungeon)
Comestibles
 c - 8 bread rations {@e1}
 m - 4 meat rations {@e2}
 r - 4 fruits
 u - 2 slices of pizza


   Skills:
 - Level 4.0 Fighting
 - Level 14.1 Maces & Flails
 + Level 10.2 Dodging


You had 9 spell levels left.
You didn't know any spells.

Dungeon Overview and Level Annotations

Branches:
Dungeon (9/15)             Temple (0/1) D:7            Lair (1/8) D:8
    Orc: D:9-12

Altars:
Cheibriados
Elyvilon
Nemelex Xobeh
Okawaru
Qazlal
Ru
Sif Muna
Trog
Vehumet
Xom
Yredelemnul

Annotations:
D:4 Menkaure


Innate Abilities, Weirdness & Mutations

You are too large for most types of armour.
You have tough skin (AC +1).
You have a pair of small antennae on your head.
You have large cloven feet.
You are agile. (Dex +2)
Scrolls take you a little longer to read.
You possess an exceptional clarity of mind.
Armour fits poorly on your strangely shaped body.
You occasionally shout uncontrollably at your foes.
You heal slowly when monsters are visible.
Your muscles are strong. (Str +2)
Your spells are a little easier to cast, but a little less powerful.


Message History

You closely miss the giant frog. You barely miss the giant frog.
The giant frog hits you but does no damage. 2 yaks come into view.
You closely miss the giant frog. The giant frog closely misses you.
You puncture the giant frog!
You kick the giant frog, but do no damage.
The giant frog hits you but does no damage.
The giant frog barely misses you.
You shout at the yak!
A yak comes into view.
The giant frog hits you but does no damage.
You see here 12 stones.
Xom makes a sudden noise!
You hear a high-pitched scream!
You hear a bellow!
The giant frog hits you.
You take 6 damage, and have 72/92 hp.
The giant frog barely misses you. The giant frog closely misses you.
The giant frog hits you but does no damage.
The giant frog hits you.
You take 3 damage, and have 69/92 hp.
The giant frog closely misses you. The giant frog hits you.
You take 3 damage, and have 66/92 hp.
The giant frog hits you but does no damage.
The giant frog closely misses you.
The giant frog hits you but does no damage.
A hippogriff comes into view.
The hippogriff screeches!
The giant frog hits you.
You take 6 damage, and have 61/92 hp.
The giant frog barely misses you.
You barely miss the giant frog.
The giant frog hits you but does no damage.
You closely miss the giant frog. The giant frog barely misses you.
You draw a card...
It is Repulsiveness.
The giant frog completely misses you. The hippogriff bites you.
The hippogriff pecks you but does no damage.
The hippogriff claws you.
You take 4 damage, and have 57/92 hp.
You swap places.
The giant frog hits your cyan ugly thing.
The hippogriff bites you but does no damage.
The hippogriff pecks you. The hippogriff barely misses you.
The giant frog hits your cyan ugly thing!
Your cyan ugly thing claws the giant frog!
Your cyan ugly thing shocks the giant frog!
The giant frog dies!
The brown ugly thing closely misses you.
You take 4 damage, and have 53/92 hp.
Unknown command.
The six-headed hydra bites your cyan ugly thing! x2
The six-headed hydra bites your cyan ugly thing.
The six-headed hydra closely misses your cyan ugly thing.
The six-headed hydra bites your cyan ugly thing!
The six-headed hydra bites your cyan ugly thing.
The hippogriff bites you but does no damage.
The hippogriff pecks you but does no damage.
The hippogriff claws you.
Your cyan ugly thing claws the six-headed hydra!
Your cyan ugly thing shocks the six-headed hydra!
You take 1 damage, and have 52/92 hp.
Your cyan ugly thing claws the six-headed hydra!
Your cyan ugly thing shocks the six-headed hydra!
The yak gores your cyan ugly thing.
Your cyan ugly thing claws the yak!
Your cyan ugly thing shocks the yak!
Your cyan ugly thing claws the yak!
Your cyan ugly thing shocks the yak!
The yak dies!
You draw a card...
It is Repulsiveness.
The deck of cards glows slightly and disappears.
The brown ugly thing kicks you.
You are splashed with acid!
The acid burns!
You resist.
You take 8 damage, and have 44/92 hp.
You hit the green very ugly thing.
Your kick misses the green very ugly thing.
The hippogriff bites you but does no damage.
The hippogriff closely misses you. x2
The brown ugly thing kicks you!
You are splashed with acid!
The acid burns!
You resist.
* * * LOW HITPOINT WARNING * * *
You take 21 damage, and have 23/92 hp.
MASSIVE DAMAGE!!
Your cyan ugly thing bites the six-headed hydra!
Your cyan ugly thing shocks the six-headed hydra!
The six-headed hydra dies!
Your Dodging skill increases to level 10!
The green very ugly thing trunk-slaps you!!
* * * LOW HITPOINT WARNING * * *
Xom roars with laughter!
You take 20 damage, and have 3/92 hp.
MASSIVE DAMAGE!!
Read which item? (? for menu, Esc to quit)
Okay, then.
Drink which item? (? for menu, Esc to quit)
Okay, then.
Your cyan ugly thing bites the yak!
Your cyan ugly thing shocks the yak!
The green very ugly thing trunk-slaps you!!
You die...
Xom thinks this is hilarious!

#....#......#...........#...
##...#......#.....#....P#...
#...#......#.....##...##...
#...#......#.....####.##...
#...#.#..#.#......###.P....
#..........................
........Y...............
........u..u..†.........
.......@HuY....†........
###P..###[.u.######.#...
..... .......#..........
(... ...#...........#... ...
....#....#......#... ..
.........#......+... .
....#....#......#...
....#......P... #....... .


You could see a green very ugly thing, a brown ugly thing, 2 yaks, a hippogriff
and 2 friendly ugly things.

Vanquished Creatures
  A fire drake (D:9)
  A wyvern (D:9)
  2 hippogriffs
  Edmund (D:6)
  A sky beast (D:9)
  An ice beast (D:6)
  A black bear (D:9)
  5 ogres
  An orc warrior (D:6)
  2 centaurs
  A gnoll sergeant (D:8)
  2 big kobolds
  4 water moccasin zombies (Ossuary)
  A scorpion (D:7)
  4 killer bees (D:8)
  6 crimson imps
  4 hounds
  A jelly (D:9)
  Crazy Yiuf (D:3)
  A giant frog skeleton (D:8)
  3 orc priests
  Ijyb (D:3)
  2 orc wizards
  A centaur skeleton (D:4)
  Jessica (D:3)
  2 iguanas
  9 worker ants
  2 big kobold zombies (Ossuary)
  3 mummies
  5 hound skeletons
  11 adders
  14 gnolls
  A river rat (D:5)
  A giant eyeball (D:6)
  2 shadow imps
  7 adder zombies
  An adder skeleton (D:4)
  3 worms
  3 giant geckos
  28 orcs
  4 ball pythons
  11 bats
  4 giant cockroaches
  A gnoll zombie (Ossuary)
  12 hobgoblins
  18 kobolds
  A giant cockroach zombie (D:6)
  8 giant newts
  16 goblins
  2 hobgoblin zombies (Ossuary)
  4 kobold zombies (Ossuary)
  8 orc zombies (Ossuary)
  6 quokkas
  A quokka zombie (D:5)
  12 rats
249 creatures vanquished.

Vanquished Creatures (collateral kills)
  A hydra (Lair:1)
  2 spiny frogs (Lair:1)
  A komodo dragon (Lair:1)
  A yak (Lair:1)
  6 wolves (Lair:1)
  A crocodile (Lair:1)
  A giant frog (Lair:1)
  An orc wizard (D:6)
  A gnoll (D:3)
  4 kobolds (D:6)
  A rat (D:5)
20 creatures vanquished.

Vanquished Creatures (others)
  A gnoll (D:3)
  A hobgoblin zombie (Ossuary)
2 creatures vanquished.

Grand Total: 271 creatures vanquished

Notes
Turn   | Place    | Note
--------------------------------------------------------------
     0 | D:1      | RobertPalmer the Ogre Chaos Knight began the quest for the Orb.
     0 | D:1      | Reached XP level 1. HP: 24/24 MP: 1/1
    77 | D:1      | XOM: potion effect (might)
   144 | D:1      | Reached XP level 2. HP: 24/32 MP: 2/2
   196 | D:1      | Reached skill level 5 in Maces & Flails
   332 | D:1      | XOM: divination: detect items
   371 | D:1      | XOM: harmless Conj miscast
   475 | D:1      | Reached XP level 3. HP: 30/39 MP: 3/3
   939 | D:2      | Noticed Sigmund
   967 | D:2      | XOM: enchant monster (good)
   983 | D:2      | XOM: divination: magic mapping
  1374 | D:3      | Reached skill level 6 in Maces & Flails
  1424 | D:3      | Noticed Jessica
  1438 | D:3      | Killed Jessica
  1438 | D:3      | Reached XP level 4. HP: 46/48 MP: 4/4
  1452 | D:3      | Noticed Ijyb
  1460 | D:3      | Killed Ijyb
  1460 | D:3      | Reached skill level 7 in Maces & Flails
  1609 | D:3      | XOM: divination: magic mapping
  1642 | D:3      | XOM: blink monster(s)
  1661 | D:3      | XOM: enchant monster (good)
  1662 | D:3      | Reached XP level 5. HP: 54/54 MP: 5/5
  1707 | D:3      | Found a sparkling altar of Nemelex Xobeh.
  1708 | D:3      | Found a stormy altar of Qazlal.
  1710 | D:3      | Found a sacrificial altar of Ru.
  1831 | D:3      | XOM: mild Tloc miscast
  1985 | D:3      | XOM: mild Necr miscast
  2189 | D:3      | Noticed Crazy Yiuf
  2286 | D:3      | Killed Crazy Yiuf
  2286 | D:3      | Reached skill level 8 in Maces & Flails
  2917 | D:2      | Noticed Sigmund
  2917 | D:2      | Sigmund changed into Sigmund the hound
  2922 | D:2      | Killed Sigmund the hound
  2922 | D:2      | Reached XP level 6. HP: 60/62 MP: 6/6
  2968 | D:4      | Reached skill level 3 in Dodging
  3043 | D:4      | Found a white marble altar of Elyvilon.
  3124 | D:4      | Noticed an ogre
  3137 | D:4      | Killed an ogre
  3140 | D:4      | Noticed Menkaure
  3209 | D:4      | XOM: god gift: lumpy amethyst potion
  3249 | D:4      | XOM: potion effect (haste)
  3251 | D:4      | XOM: enchant monster (bad)
  3254 | D:4      | XOM: 3-stop teleportation journey
  3257 | D:4      | Reached skill level 4 in Dodging
  3303 | D:4      | Reached XP level 7. HP: 66/70 MP: 7/7
  3313 | D:4      | Found a deep blue altar of Sif Muna.
  3341 | D:4      | Found a radiant altar of Vehumet.
  3346 | D:4      | XOM: potion effect (might)
  3421 | D:5      | Entered Level 5 of the Dungeon
  3438 | D:5      | XOM: confuse monster(s)
  3456 | D:5      | Found a sand-covered staircase.
  3458 | D:5      | XOM: smoke on damage
  3467 | D:5      | Gained mutation: Armour fits poorly on your strangely shaped body. [potion of mutation]
  3467 | D:5      | Gained mutation: Your body sometimes deteriorates upon taking damage. [potion of mutation]
  3467 | D:5      | Gained mutation: Your magical capacity is low (-10% MP). [potion of mutation]
  3512 | D:5      | XOM: god gift: 21 arrows of flame
  3515 | D:5      | Gained mutation: Your spells are a little easier to cast, but a little less powerful. [potion of mutation]
  3515 | D:5      | Gained mutation: You are resistant to hostile enchantments. [potion of mutation]
  3515 | D:5      | Gained mutation: Your muscles are strong. (Str +2) [potion of mutation]
  3519 | Ossuary  | XOM: stealth player
  3519 | Ossuary  | Entered an ossuary
  3673 | Ossuary  | XOM: potion effect (heal wounds)
  3678 | Ossuary  | Reached skill level 5 in Dodging
  3748 | Ossuary  | XOM: smoke on damage
  3767 | Ossuary  | XOM: potion effect (brilliance)
  3797 | Ossuary  | Reached skill level 6 in Dodging
  3840 | Ossuary  | XOM: medium Ice miscast
  4043 | Ossuary  | XOM: smoke on damage
  4073 | Ossuary  | XOM: summons friendly white imp
  4313 | D:5      | XOM: polymorph gnoll -> river rat
  4354 | D:5      | XOM: confusion
  4356 | D:5      | XOM: blink monster(s)
  4480 | D:6      | XOM: vitrification
  4523 | D:6      | XOM: harmless Air miscast
  4526 | D:6      | Reached XP level 8. HP: 70/78 MP: 7/7
  4574 | D:6      | Found an iron altar of Okawaru.
  4583 | D:6      | Gained mutation: You heal slowly when monsters are visible. [potion of mutation]
  4584 | D:6      | Lost mutation: You are resistant to hostile enchantments. [potion of mutation]
  4584 | D:6      | Gained mutation: You occasionally shout uncontrollably at your foes. [potion of mutation]
  4668 | D:6      | XOM: blink monster(s)
  4671 | D:6      | Reached skill level 7 in Dodging
  4725 | D:6      | Noticed Edmund
  4749 | D:6      | Killed Edmund
  4779 | D:6      | XOM: noise
  5024 | D:6      | Reached skill level 9 in Maces & Flails
  5104 | D:6      | XOM: enchant monster (bad)
  5107 | D:6      | XOM: summons friendly ufetubus
  5285 | D:6      | XOM: stat loss: -1 Int (11/12)
  5312 | D:6      | Reached skill level 10 in Maces & Flails
  5378 | D:6      | XOM: 6-stop teleportation journey
  5660 | D:6      | XOM: colour smoke trail
  5677 | D:6      | Reached XP level 9. HP: 84/84 MP: 8/8
  5744 | D:6      | XOM: colour smoke trail
  5813 | D:6      | XOM: give mutations
  5813 | D:6      | Lost mutation: Your body sometimes deteriorates upon taking damage. [Xom's mischief]
  5813 | D:6      | Lost mutation: Your magical capacity is low (-10% MP). [Xom's mischief]
  5828 | D:6      | XOM: polymorph goblin -> giant eyeball
  5910 | D:6      | XOM: silly message
  6095 | D:7      | Reached skill level 11 in Maces & Flails
  6196 | D:7      | Found a staircase to the Ecumenical Temple.
  6371 | D:7      | Found a snail-covered altar of Cheibriados.
  6406 | D:7      | Found a basalt altar of Yredelemnul.
  6542 | D:7      | Found a bloodstained altar of Trog.
  6671 | D:7      | XOM: enchant monster (good)
  6860 | D:7      | XOM: silly message
  6907 | D:7      | XOM: mild Necr miscast
  7498 | D:8      | XOM: silly message
  7607 | D:8      | Reached skill level 12 in Maces & Flails
  7718 | D:8      | XOM: harmless Trmt miscast
  7721 | D:8      | XOM: harmless Chrm miscast
  7924 | D:8      | Found a bloodstained altar of Trog.
  7939 | D:8      | XOM: harmless Ice miscast
  8167 | D:8      | XOM: harmless Fire miscast
  8304 | D:8      | Found a staircase to the Lair.
  8319 | D:8      | Reached skill level 13 in Maces & Flails
  8507 | D:8      | You fall through a shaft!
  8542 | D:9      | Noticed a fire drake
  8566 | D:9      | XOM: divination: detect creatures
  8571 | D:9      | HP: 20/84 [fire drake/blast of flame (8)]
  8572 | D:9      | Killed a fire drake
  8572 | D:9      | Reached skill level 14 in Maces & Flails
  8659 | D:9      | XOM: give mutations
  8659 | D:9      | Gained mutation: You have large cloven feet. [Xom's grace]
  8659 | D:9      | Gained mutation: You are agile. (Dex +2) [Xom's grace]
  8659 | D:9      | Gained mutation: You have a pair of small antennae on your head. [Xom's grace]
  8659 | D:9      | Gained mutation: You possess an exceptional clarity of mind. [Xom's grace]
  8764 | D:9      | XOM: 1-stop teleportation journey
  8902 | D:9      | XOM: 1-stop teleportation journey
  8927 | D:9      | Reached skill level 8 in Dodging
  8927 | D:9      | Reached XP level 10. HP: 52/92 MP: 10/10
  8957 | D:9      | XOM: god gift: ornate deck of cards {god gift}
  8987 | D:9      | XOM: enchant monster (good)
  9279 | D:9      | Found a shimmering altar of Xom.
  9544 | D:9      | XOM: god gift: runed hand axe {god gift}
  9763 | Lair:1   | Entered Level 1 of the Lair of Beasts
  9788 | Lair:1   | Noticed a purple ugly thing
  9793 | Lair:1   | Reached skill level 9 in Dodging
  9808 | Lair:1   | XOM: harmless Ice miscast
  9859 | Lair:1   | HP: 23/92 [wolf (10)]
  9865 | Lair:1   | HP: 13/92 [wolf (7)]
 10105 | Lair:1   | XOM: give mutation
 10105 | Lair:1   | Gained mutation: Scrolls take you a little longer to read. [Xom's mischief]
 10110 | Lair:1   | Noticed a six-headed hydra
 10120 | Lair:1   | XOM: noise
 10144 | Lair:1   | Noticed a brown ugly thing
 10150 | Lair:1   | Noticed a green very ugly thing
 10151 | Lair:1   | HP: 23/92 [acid[the player character] (5)]
 10152 | Lair:1   | Killed a six-headed hydra
 10152 | Lair:1   | Reached skill level 10 in Dodging
 10152 | Lair:1   | HP: 3/92 [green very ugly thing[the player character] (20)]
 10153 | Lair:1   | Demolished by a green very ugly thing

Vault maps used:
D:1:      dpeg_arrival_rhombi
D:2:      hangedman_decor_growths, uniq_sigmund
D:3:      minitemple, uniq_iyjb, uniq_crazy_yiuf_cottage, uniq_jessica
D:4:      lemuel_round_altar, old_standard_altar, overflow_temple_1_default,
          first_bread, uniq_menkaure
D:5:      kennysheep_little_box, gup_ossuary_entry_pyramid
D:6:      okawaru_ov_weapons_minmay, uniq_edmund
D:7:      mumra_celtic_spiral_tile, nicolae_overflow_hidden_temple,
          temple_pool_b, trog_hazing_becter
D:8:      old_standard_altar, minmay_lair_entry_lava
D:9:      tgw_xom
Lair:1:   zaba_antful_of_joy
Ossuary:  ossuary_tomb_2

Action                   |  1- 3 |  4- 6 |  7- 9 | 10-12 || total
-------------------------+-------+-------+-------+-------++-------
Melee: Mace              |   122 |    21 |   126 |       ||   269
       Unarmed           |    15 |       |       |       ||    15
       Whip              |       |   125 |   138 |       ||   263
       Dire flail        |       |       |   340 |    73 ||   413
Evoke: Wand              |       |     1 |    12 |       ||    13
       Deck              |       |       |       |    10 ||    10
  Use: Scroll            |     4 |     2 |    13 |     2 ||    21
       Potion            |     2 |       |    17 |     2 ||    21
 Stab: Paralysed         |     8 |       |     4 |     3 ||    15
       Petrifying        |       |       |     1 |       ||     1
       Invisible         |       |       |     4 |       ||     4
  Eat: Chunk             |     2 |       |    13 |     4 ||    19
       Meat ration       |       |     1 |     1 |       ||     2
       Beef jerky        |       |     1 |       |       ||     1

Vault maps used:
D:1:      dpeg_arrival_rhombi
D:2:      hangedman_decor_growths, uniq_sigmund
D:3:      minitemple, uniq_iyjb, uniq_crazy_yiuf_cottage, uniq_jessica
D:4:      lemuel_round_altar, old_standard_altar, overflow_temple_1_default,
          first_bread, uniq_menkaure
D:5:      kennysheep_little_box, gup_ossuary_entry_pyramid
D:6:      okawaru_ov_weapons_minmay, uniq_edmund
D:7:      mumra_celtic_spiral_tile, nicolae_overflow_hidden_temple,
          temple_pool_b, trog_hazing_becter
D:8:      old_standard_altar, minmay_lair_entry_lava
D:9:      tgw_xom
Lair:1:   zaba_antful_of_joy
Ossuary:  ossuary_tomb_2

Table legend:
 A = Turns spent in this place as a percentage of turns spent in the entire game.
 B = Non-inter-level travel turns spent in this place as a percentage of non-inter-level travel turns spent in the entire game.
 C = Inter-level travel turns spent in this place as a percentage of turns spent in this place.
 D = Turns resting spent in this place as a percentage of non-inter-level travel turns spent in this place.
 E = Turns spent auto-exploring this place as a percentage of non-inter-level travel turns spent in this place.
 F = Non-inter-level travel turns spent in this place divided by the number of levels of this place that you've seen.
                   A       B       C       D       E      F
               +-------+-------+-------+-------+-------+----------------------
         Total | 100.0 | 100.0 |   0.5 |   1.7 |   9.2 | 318.0
       Dungeon |  86.8 |  86.7 |   0.6 |   1.4 |  10.0 | 337.1
          Lair |   5.6 |   5.6 |   0.0 |   1.0 |   1.5 | 196.0
       Ossuary |   7.6 |   7.7 |   0.0 |   5.2 |   6.7 | 268.0
               +-------+-------+-------+-------+-------+----------------------

Table legend:
 A = Kills in this place as a percentage of kills in entire the game.
 B = Kills by you in this place as a percentage of kills by you in the entire game.
 C = Kills by friends in this place as a percentage of kills by friends in the entire game.
 D = Other kills in this place as a percentage of other kills in the entire game.
 E = Experience gained in this place as a percentage of experience gained in the entire game.
 F = Experience gained in this place divided by the number of levels of this place that you have seen.
                   A       B       C       D       E      F
               +-------+-------+-------+-------+-------+----------------------
         Total | 100.0 | 100.0 | 100.0 |  -nan | 100.0 | 685.6
       Dungeon |  84.0 |  88.0 |  35.0 |  -nan |  65.6 | 549.3
          Lair |   5.2 |   0.4 |  65.0 |  -nan |  28.6 | 2157.0
       Ossuary |  10.8 |  11.6 |   0.0 |  -nan |   5.8 | 441.0
               +-------+-------+-------+-------+-------+----------------------
